Map: World of Sleepers LE

Players

Polt

  • Race: Terran Terran
  • Spawn Location: 7:00

SpeCial - Winner!

  • Race: Terran Terran
  • Spawn Location: 1:00

Event: IEM Katowice 2020

VOD

Have the link to the VOD?

Description

Time

  • Played on: Feb. 25, 2020, 4:15 a.m.
  • Length: 13:20

All games in this series

Show
View Real Time Build Order
Export as new Build Order

Polt Terran 

Build Orders:  

Get SALT Encoding   

  12  0:00  SCV  
  13  0:12  SCV  
  14  0:17  Supply Depot  
  14  0:25  SCV  
  14  0:27  Refinery  
  15  0:38  SCV  
  16  0:44  Barracks  
  16  0:50  SCV  
  16  0:56  Refinery  
  17  1:03  SCV  
  18  1:15  SCV  
  19  1:31  Orbital Command  
  19  1:32  Reaper  
  20  1:35  Factory  
  20  1:47  Supply Depot  
  20  1:57  SCV  
  21  2:04  Reaper  
  22  2:09  SCV  
  23  2:18  Hellion  
  23  2:21  SCV  
  26  2:26  Command Center  
  26  2:34  SCV  
  26  2:36  Reaper  
  28  2:39  Supply Depot  
  28  2:40  Hellion  
  30  2:46  SCV  
  31  3:01  SCV  
  31  3:03  Factory Tech Lab  
  32  3:12  Starport  
  32  3:13  SCV  
  32  3:15  Barracks Tech Lab  
  33  3:23  Cyclone  
  33  3:25  SCV  
  33  3:26  Refinery  
  37  3:37  SCV  
  35  3:49  SCV  
  35  3:53  Orbital Command  
  36  3:56  Barracks Reactor  
  36  3:57  Raven  
  36  4:01  SCV  
  39  4:04  Command Center  
  39  4:10  Siege Tank  
  39  4:13  SCV  
  43  4:18  SCV  
  43  4:24  Supply Depot  
  44  4:25  SCV  
  44  4:30  SCV  
  46  4:38  SCV  
  47  4:42  SCV, Barracks  
  47  4:43  Barracks, Siege Tank  
  51  4:47  Stimpack  
  51  4:49  Starport Reactor  
  51  4:50  SCV  
  52  4:54  Marine  
  52  4:56  SCV  
  52  5:02  SCV  
  51  5:08  SCV  
  52  5:14  SCV  
  52  5:16  Marine  
  52  5:18  Orbital Command  
  52  5:20  SCV  
  55  5:22  Siege Tank  
  55  5:26  SCV  
  59  5:30  Marine x2  
  59  5:32  SCV  
  59  5:34  Starport Reactor  
  62  5:36  Marine x3  
  62  5:38  SCV  
  62  5:41  Engineering Bay  
  62  5:42  Engineering Bay  
  66  5:45  SCV, Supply Depot  
  66  5:46  SCV  
  68  5:50  SCV  
  68  5:55  Refinery, Siege Tank  
  72  6:02  Marine x3  
  72  6:03  Marine  
  75  6:05  SCV x2  
  75  6:06  SCV  
  75  6:08  Supply Depot  
  78  6:11  Terran Infantry Weapons Level 1  
  78  6:12  Terran Infantry Armor Level 1  
  78  6:18  Supply Depot  
  78  6:21  SCV x3, Bunker  
  80  6:26  Medivac  
  80  6:27  Medivac  
  84  6:32  Marine  
  84  6:33  Combat Shield, Marine x4  
  84  6:39  SCV x3  
  92  6:44  Supply Depot  
  92  6:50  Siege Tank  
  95  6:55  SCV x3  
  95  7:00  Marine x4  
  101  7:03  Marine  
  101  7:07  SCV x3, Supply Depot x2  
  104  7:15  Barracks  
  104  7:17  Barracks  
  104  7:19  Medivac x2  
  108  7:23  SCV  
  108  7:26  Orbital Command  
  108  7:28  SCV, Marine x5  
  115  7:35  SCV  
  116  7:40  SCV  
  117  7:45  Factory  
  117  7:47  Armory  
  117  7:48  SCV  
  117  7:49  Marine x4  
  117  7:50  Marine  
  117  7:51  Viking  
  125  8:04  Refinery  
  125  8:05  SCV, Refinery  
  125  8:07  Barracks Reactor x2, SCV  
  125  8:08  SCV  
  125  8:26  Medivac  
  125  8:30  SCV, Marine  
  125  8:31  SCV  
  125  8:32  Marine  
  125  8:34  Marine  
  125  8:36  Marine  
  125  8:44  SCV  
  125  8:48  Marine x2  
  125  8:50  Marine  
  125  8:51  Marine  
  125  8:52  SCV, Marine x2, Factory Tech Lab  
  125  8:53  SCV, Terran Infantry Weapons Level 2  
  125  8:57  Marine, Siege Tank  
  125  8:58  Marine x2  
  125  8:59  Medivac, Terran Infantry Armor Level 2  
  123  9:05  SCV  
  123  9:06  Marine  
  123  9:09  Terran Vehicle Weapons Level 1  
  125  9:12  SCV x2, Marine x5  
  125  9:13  Supply Depot  
  125  9:14  Supply Depot, Marine  
  125  9:15  Supply Depot  
  133  9:35  SCV, Command Center, Marine x9, Siege Tank x2  
  133  9:36  Sensor Tower  
  149  9:49  Sensor Tower  
  149  9:52  Supply Depot x2, Marine  
  149  9:53  Marine  
  149  9:55  Missile Turret  
  149  9:59  Marine x5  
  152  10:00  Marine x2  
  149  10:07  Siege Tank  
  149  10:10  Marine  
  149  10:11  Marine  
  154  10:15  Medivac x2  
  154  10:18  Thor  
  161  10:37  Marine x9  
  154  10:46  Medivac x2  
  149  10:51  Orbital Command  
  149  10:55  Marine x5  
  156  11:01  Siege Tank  
  148  11:13  Marine x5  
  148  11:16  Barracks x2  
  148  11:17  Barracks  
  150  11:20  Viking x2  
  150  11:25  Factory  
  152  11:27  Supply Depot  
  148  11:33  Siege Tank  
  147  11:51  Marine x5  
  148  12:05  Siege Tank  
  129  12:09  Marine  
  129  12:13  Orbital Command  
  102  12:16  Marine x7  
  108  12:26  Marine  
  108  12:31  Orbital Command  
  108  12:34  Marine  
  102  12:51  Marine x5  
Show
View Real Time Build Order
Export as new Build Order

SpeCial Terran - Winner!

Build Orders: Gas First Reaper Expand, Hellion Opening 

Get SALT Encoding   

  12  0:00  SCV  
  13  0:12  SCV  
  14  0:17  Supply Depot  
  14  0:24  SCV  
  14  0:27  Refinery  
  15  0:38  SCV  
  16  0:44  Barracks  
  16  0:50  SCV  
  17  1:03  SCV  
  18  1:15  SCV  
  19  1:30  Orbital Command  
  19  1:31  Reaper  
  20  1:45  Command Center  
  20  1:55  Factory  
  20  1:58  SCV  
  21  2:05  Barracks Reactor  
  21  2:10  SCV  
  21  2:14  Supply Depot  
  22  2:22  Refinery  
  22  2:23  SCV  
  23  2:35  SCV  
  24  2:43  Starport  
  24  2:49  Hellion x2  
  24  2:50  SCV  
  29  2:52  Barracks Tech Lab  
  29  2:56  Orbital Command  
  29  3:02  SCV  
  30  3:13  Hellion  
  30  3:14  Hellion  
  30  3:17  SCV  
  35  3:23  SCV  
  36  3:31  SCV  
  36  3:32  Raven  
  39  3:38  Hellion  
  36  3:47  Hellion  
  34  3:51  SCV  
  34  3:52  SCV  
  36  3:56  Refinery  
  36  4:03  SCV  
  36  4:04  SCV  
  36  4:09  Supply Depot  
  38  4:12  Marine  
  38  4:13  Marine  
  38  4:15  SCV  
  38  4:16  SCV, Raven  
  44  4:17  Supply Depot  
  44  4:18  Factory Tech Lab  
  44  4:27  SCV  
  44  4:28  SCV  
  44  4:30  Marine x2  
  48  4:36  Cyclone  
  51  4:39  SCV  
  51  4:40  SCV  
  51  4:42  Supply Depot  
  53  4:48  Marine x2  
  53  4:51  SCV  
  53  4:52  SCV  
  55  5:02  Raven  
  55  5:03  SCV  
  55  5:04  SCV  
  55  5:06  Marine x2  
  61  5:15  SCV  
  61  5:16  SCV  
  61  5:17  Command Center  
  61  5:18  Siege Tank  
  66  5:25  Supply Depot  
  66  5:27  SCV  
  67  5:28  SCV  
  67  5:30  Supply Depot  
  67  5:33  Marine x2  
  70  5:47  SCV x2  
  70  5:49  Supply Depot  
  72  5:50  Refinery  
  72  5:53  Siege Tank  
  75  5:58  Marine  
  75  5:59  SCV x2  
  75  6:03  Viking x2  
  79  6:06  Stimpack  
  81  6:11  SCV x2  
  81  6:16  Marine  
  82  6:23  SCV x2  
  84  6:28  Siege Tank  
  84  6:29  Barracks  
  84  6:31  Orbital Command  
  84  6:32  Barracks  
  87  6:33  Marine  
  87  6:35  SCV x2  
  90  6:40  Viking  
  90  6:41  Viking  
  94  6:47  SCV x2  
  94  6:51  Marine  
  97  6:59  SCV x2  
  97  7:00  Orbital Command, Siege Tank  
  102  7:05  Engineering Bay x2  
  102  7:09  Marine  
  102  7:11  SCV x2  
  105  7:20  Barracks Reactor  
  105  7:21  Barracks Reactor  
  105  7:23  Barracks  
  105  7:24  SCV  
  105  7:25  SCV  
  105  7:27  Marine, Barracks  
  108  7:30  SCV  
  108  7:33  Terran Infantry Weapons Level 1  
  108  7:34  Terran Infantry Armor Level 1  
  109  7:43  Supply Depot  
  109  7:44  SCV x3, Supply Depot, Siege Tank  
  115  7:45  Marine  
  115  7:50  Combat Shield  
  114  7:54  Liberator  
  117  7:59  Refinery  
  117  8:00  Refinery  
  117  8:01  Sensor Tower  
  117  8:04  SCV x3, Marine x5  
  124  8:16  SCV x3  
  124  8:17  Barracks Reactor x2  
  126  8:22  Marine x5  
  131  8:27  Siege Tank  
  131  8:28  SCV  
  133  8:42  Marine x2  
  133  8:45  SCV, Marine x2  
  133  8:46  Medivac  
  133  8:48  Marine  
  122  9:05  Medivac, Marine x2, Supply Depot  
  122  9:07  Supply Depot  
  122  9:08  Command Center  
  126  9:13  Supply Depot  
  126  9:14  Supply Depot  
  126  9:27  Marine x5, Siege Tank  
  126  9:29  Medivac, Marine x4  
  126  9:31  Supply Depot  
  140  9:32  Armory, Supply Depot  
  140  9:45  Marine x5  
  145  9:47  Medivac, Marine x4  
  151  9:59  SCV, Siege Tank  
  155  10:02  Marine x5  
  155  10:04  Marine  
  154  10:07  Marine x3  
  157  10:20  Marine x5  
  159  10:22  Marine  
  159  10:25  Marine x3  
  163  10:38  Marine x2  
  163  10:42  Marine  
  156  10:44  Marine, Siege Tank  
  156  10:47  Marine  
  156  10:48  Marine  
  156  10:49  Marine  
  158  10:51  Medivac, Marine  
  158  10:54  Marine  
  158  10:56  Marine  
  163  10:57  Marine  
  163  11:00  Marine  
  163  11:02  Marine  
  166  11:05  Marine  
  166  11:09  Liberator  
  169  11:12  Marine  
  169  11:15  Orbital Command  
  169  11:16  Marine, Siege Tank  
  169  11:19  Marine  
  170  11:25  Marine  
  170  11:26  Marine  
  170  11:27  Marine  
  170  11:29  Marine  
  174  11:42  Marine x3  
  174  11:46  Marine x2  
  173  11:54  Marine  
  173  11:55  Marine x3  
  173  12:00  Marine x2  
  175  12:07  Marine x3, Siege Tank  
  157  12:12  Marine x2  
  145  12:18  Marine x4  
  148  12:24  Marine  
  148  12:25  Marine x2  
  138  12:32  Marine x2  
  138  12:36  Marine  
  128  12:46  Marine  
  117  12:54  Marine x2  

Tags
 
Add a new tag
Caveats
  • Supply blocks, unpowered buildings, or Contaminate may cause inaccurate times.
  • Supply counts are checked every 10 seconds.